 Dungeon Sprint DCSS version 0.27-a0-1322-gfdffb62a71 (webtiles) character file.

Game seed: 3989293157668625247

10226 mhtbhm the Sorcerer (level 11, -11/57 HPs)
             Began as a Deep Elf Earth Elementalist on June 22, 2021.
             Was the Champion of Vehumet.
             Killed from afar by a hell hog (46 damage)
             ... with a fireball
             ... in the Dungeon (Sprint VII: "The Pits").
             The game lasted 00:05:43 (2118 turns).

mhtbhm the Sorcerer (Deep Elf Earth Elementalist)   Turns: 2118, Time: 00:05:44

Health: -11/57     AC: 10    Str:  5    XL:     11   Next: 33%
Magic:  20/38      EV: 14    Int: 24    God:    Vehumet [******]
Gold:   10         SH:  0    Dex: 15    Spells: 37/52 levels left

rFire    . . .     SeeInvis .   l - +2 quarterstaff (protect)
rCold    . . .     Faith    .   (shield currently unavailable)
rNeg     . . .     Spirit   .   b - +0 acid dragon scales
rPois    .         Reflect  .   (no helmet)
rElec    .         Harm     .   s - +1 cloak
rCorr    +         Rampage  .   r - +0 pair of gloves
Will     +....     NoTele   +   (no boots)
Stlth    +++.......             (no amulet)
HPRegen  0.19/turn              (no ring)
MPRegen  0.26/turn              (no ring)

@: no status effects
A: no striking features
a: Renounce Religion


You were in the Dungeon.
You worshipped Vehumet.
Vehumet was exalted by your worship.
You visited 1 branch You collected 10 gold pieces.

Inventory:

Hand Weapons
 l - a +2 quarterstaff of protection (weapon)
 p - the +2 scimitar "Orb Guardian's Foe" {flame, rC+ Str-5 Int+7 SInv}
   (You found it in the Dungeon)

   It has been specially enchanted to burn those struck by it, causing extra
   injury to most foes and up to half again as much damage against particularly
   susceptible opponents.
   Big, fiery blades are also staple armaments of hydra-hunters.
   It affects your strength (-5).
   It affects your intelligence (+7).
   It protects you from cold.
   It lets you see invisible.
Missiles
 i - 31 stones
Armour
 b - +0 acid dragon scales (worn)
 r - a +0 pair of gloves (worn)
 s - a +1 cloak (worn)
Jewellery
 m - a +3 ring of protection
 n - a +3 ring of intelligence
Wands
 h - a wand of digging (9)
Scrolls
 j - 5 scrolls of amnesia
 k - a scroll of summoning
Potions
 a - 2 potions of invisibility
 c - 7 potions of curing
 d - 4 potions of heal wounds
 e - 4 potions of haste
 f - 3 potions of magic
 g - 5 potions of berserk rage
 o - 3 potions of might


   Skills:
 + Level 2.0 Fighting
 + Level 4.2 Armour
 + Level 8.0 Dodging
 + Level 6.1 Stealth
 + Level 21.4 Spellcasting
 + Level 3.8 Conjurations
 + Level 1.2 Transmutations
 + Level 19.4 Earth Magic


You had 37 spell levels left.
You knew the following spells:

 Your Spells              Type           Power      Damage    Failure   Level
a - Sandblast             Erth           100%       2d20      0%          1
b - Passwall              Tmut/Erth      55%        N/A       1%          2
c - Stone Arrow           Conj/Erth      100%       3d13      1%          3
d - Lee's Rapid Deconstr  Erth           43%        3d22*     1%          5
e - Petrify               Tmut/Erth      66%        N/A       1%          4

Your spell library contained the following spells:

 Spells                   Type           Power      Damage    Failure   Level
 Iskenderun's Battlesphe  Conj           44%        2d10      5%          5


Dungeon Overview and Level Annotations

Branches:
Dungeon (1/1)

Altars:
Ashenzari
Cheibriados
Dithmenos
Elyvilon
Fedhas
Gozag
Hepliaklqana
Kikubaaqudgha
Makhleb
Nemelex Xobeh
Okawaru
Qazlal
Ru
Sif Muna
Trog
Uskayaw
Vehumet
Wu Jian
Xom
Yredelemnul
Zin
The Shining One
Beogh
Jiyva
Lugonu


Message History

You blow up the cyclops!
Vehumet accepts your kill.
Unknown command.
Unknown command.
You start resting.
A hell hog is nearby!
An efreet comes into view.
It is wielding a +4 scimitar of flaming.
The efreet misses you. The efreet gestures at you. The bolt of fire hits you!!
You see here 4 large rocks.
The efreet hits you with a +4 scimitar of flaming!!
The efreet burns you.
* * * LOW HITPOINT WARNING * * *
Unknown command.
You feel much better. The efreet closely misses you.
Unknown command.
Casting: Lee's Rapid Deconstruction (safe; 1% risk of failure)
Confirm with . or Enter, or press ? or * to list all spells.
Aiming: Lee's Rapid Deconstruction (safe; 1% risk of failure)
Press: ? - help, Dir - move target A metal wall.
The metal wall shatters!
The blast of metal fragments hits the efreet!
The efreet is moderately wounded.
You hear an angry squeal.
The efreet closely misses you.
Unknown command.
Casting: Lee's Rapid Deconstruction (safe; 1% risk of failure)
Confirm with . or Enter, or press ? or * to list all spells.
Aiming: Lee's Rapid Deconstruction (safe; 1% risk of failure)
Press: ? - help, Dir - move target A metal wall.
The metal wall shatters!
The blast of metal fragments hits the efreet but does no damage.
The efreet is moderately wounded.
The hell hog breathes fire at you.
The fireball explodes!
The fireball engulfs you!!!
Ouch! That really hurt!
You die...

.....#..#......##..#
...............++..#
...............++..######
.....#..#......##..†.....
...............##........
##'#####''###############
......##''######### #####
......##.........)#).....
......##..h....(@)))))...
..<...##..#####R÷.#####'#
......##..')..#)..)......
......##..#)..#.....)..##
......##..#...#.#####..#
########..#####.[...# .#
########........#...+ #
.#..[.##........#...#
.#..[.###'###...#...#


You could see a hell hog (catching breath) and an efreet.

Vanquished Creatures
  A two-headed ogre (D)
  A hell hog (D)
  An orc high priest (D)
  A deep elf knight (D)
  A flayed ghost (D)
  A deep elf archer (D)
  A cyclops (D)
  2 deep elf pyromancers (D)
  Maurice (D)
  An elephant (D)
  A black mamba (D)
  A freezing wraith (D)
  An orange demon (D)
  A guardian mummy (D)
  A redback (D)
  2 snapping turtles (D)
  A wraith (D)
  10 yaks (D)
  A ynoxinul (D)
  A basilisk (D)
  A warg (D)
  An acid dragon (D)
  3 floating eyes (D)
  2 sky beasts (D)
  An orc warrior (D)
  3 ogres (D)
  A wolf (D)
  A small abomination (D)
  A bullfrog (D)
  Blork the orc (D)
  A scorpion (D)
  A wight (D)
  2 crimson imps (D)
  An iguana (D)
  A hell rat (D)
  A river rat (D)
  An adder (D)
  2 ufetubi (D)
  3 orcs (D)
  An endoplasm (D)
  A giant cockroach (D)
  A quokka (D)
  A ball python (D)
  A ball python skeleton (D)
  3 frilled lizards (D)
  A rat (D)
68 creatures vanquished.

Vanquished Creatures (others)
  A ball python skeleton (D)
1 creature vanquished.

Grand Total: 69 creatures vanquished

Notes
Turn   | Place    | Note
-------+----------+-------------------------------------------
     0 | D        | mhtbhm the Deep Elf Earth Elementalist began the quest for
                  | the Orb.
     0 | D        | Reached XP level 1. HP: 10/10 MP: 6/6
    13 | D        | Reached skill level 4 in Spellcasting
    13 | D        | Reached XP level 2. HP: 15/15 MP: 2/9
    78 | D        | Found a bloodstained altar of Trog.
    78 | D        | Found a shimmering blue altar of Sif Muna.
    78 | D        | Found a viscous altar of Jiyva.
    78 | D        | Found a hazy altar of Hepliaklqana.
    78 | D        | Found an opulent altar of Gozag.
    79 | D        | Found a glowing golden altar of the Shining One.
    79 | D        | Found a glowing silver altar of Zin.
    79 | D        | Found a basalt altar of Yredelemnul.
    79 | D        | Found a shimmering altar of Xom.
    79 | D        | Found an ornate altar of the Wu Jian Council.
    79 | D        | Found a sacrificial altar of Ru.
    79 | D        | Found a stormy altar of Qazlal.
    79 | D        | Found an iron altar of Okawaru.
    79 | D        | Found a sparkling altar of Nemelex Xobeh.
    79 | D        | Found a burning altar of Makhleb.
    79 | D        | Found a blossoming altar of Fedhas.
    79 | D        | Found a white marble altar of Elyvilon.
    79 | D        | Found a shadowy altar of Dithmenos.
    79 | D        | Found a snail-covered altar of Cheibriados.
    81 | D        | Found a radiant altar of Vehumet.
    81 | D        | Found a corrupted altar of Lugonu.
    82 | D        | Found a hide-covered altar of Uskayaw.
    82 | D        | Found an ancient bone altar of Kikubaaqudgha.
    82 | D        | Found a broken altar of Ashenzari.
    89 | D        | Became a worshipper of Vehumet
   132 | D        | Noticed a scorpion
   135 | D        | Killed a scorpion
   136 | D        | Reached skill level 6 in Spellcasting
   136 | D        | Reached XP level 3. HP: 14/19 MP: 6/12
   136 | D        | Reached XP level 4. HP: 18/24 MP: 7/14
   187 | D        | Learned a level 2 spell: Passwall
   191 | D        | Learned a level 3 spell: Stone Arrow
   207 | D        | Reached * piety under Vehumet
   207 | D        | Offered knowledge of Foxfire by Vehumet.
   294 | D        | Noticed a floating eye
   296 | D        | Reached ** piety under Vehumet
   299 | D        | Noticed a floating eye
   300 | D        | Killed a floating eye
   301 | D        | Reached skill level 8 in Spellcasting
   301 | D        | Reached XP level 5. HP: 28/28 MP: 9/18
   302 | D        | Paralysed by a floating eye for 2 turns
   304 | D        | Killed a floating eye
   305 | D        | Reached skill level 5 in Dodging
   305 | D        | Reached skill level 9 in Spellcasting
   305 | D        | Reached skill level 1 in Conjurations
   305 | D        | Reached skill level 10 in Earth Magic
   305 | D        | Reached XP level 6. HP: 32/32 MP: 8/20
   311 | D        | Learned a level 5 spell: Lee's Rapid Deconstruction
   316 | D        | Learned a level 4 spell: Petrify
   431 | D        | Offered knowledge of Shock by Vehumet.
   431 | D        | Reached *** piety under Vehumet
   448 | D        | Reached skill level 5 in Stealth
   448 | D        | Reached skill level 10 in Spellcasting
   450 | D        | Reached **** piety under Vehumet
   577 | D        | Noticed an acid dragon
   579 | D        | Killed an acid dragon
   580 | D        | Reached skill level 11 in Spellcasting
   580 | D        | Reached XP level 7. HP: 28/36 MP: 14/24
   762 | D        | Offered knowledge of Poisonous Vapours by Vehumet.
   762 | D        | Reached ***** piety under Vehumet
   763 | D        | Reached skill level 12 in Spellcasting
   784 | D        | Noticed a two-headed ogre
   791 | D        | Killed a two-headed ogre
   792 | D        | Reached skill level 14 in Spellcasting
   792 | D        | Reached XP level 8. HP: 42/42 MP: 18/28
   874 | D        | Got the +2 scimitar "Orb Guardian's Foe" {flame, rC+ Str-5
                  | Int+7 SInv}
   968 | D        | Offered knowledge of Mephitic Cloud by Vehumet.
   969 | D        | Reached skill level 15 in Spellcasting
   973 | D        | Reached skill level 1 in Armour
   974 | D        | Reached skill level 15 in Earth Magic
   974 | D        | Reached XP level 9. HP: 46/46 MP: 11/30
  1085 | D        | Noticed a black mamba
  1088 | D        | Killed a black mamba
  1088 | D        | Reached ****** piety under Vehumet
  1089 | D        | Reached skill level 16 in Spellcasting
  1143 | D        | Noticed a guardian mummy
  1145 | D        | Noticed Blork the orc
  1146 | D        | Killed Blork the orc
  1146 | D        | Offered knowledge of Frozen Ramparts by Vehumet.
  1146 | D        | Killed a guardian mummy
  1147 | D        | Reached skill level 17 in Spellcasting
  1299 | D        | Offered knowledge of Iron Shot by Vehumet.
  1311 | D        | Noticed a freezing wraith
  1313 | D        | Killed a freezing wraith
  1316 | D        | Noticed Maurice
  1318 | D        | Killed Maurice
  1318 | D        | Killed an orange demon
  1319 | D        | Reached skill level 18 in Spellcasting
  1319 | D        | Reached XP level 10. HP: 51/51 MP: 7/34
  1320 | D        | Noticed a flayed ghost
  1328 | D        | Killed a flayed ghost
  1329 | D        | Reached skill level 19 in Spellcasting
  1453 | D        | Offered knowledge of Eringya's Noxious Bog by Vehumet.
  1775 | D        | Noticed a deep elf knight
  1775 | D        | Noticed a deep elf archer
  1775 | D        | Noticed a deep elf pyromancer
  1775 | D        | Noticed a deep elf pyromancer
  1775 | D        | Noticed an orc high priest
  1776 | D        | Killed a deep elf pyromancer
  1777 | D        | Reached skill level 1 in Fighting
  1778 | D        | Killed a deep elf pyromancer
  1780 | D        | Killed an orc high priest
  1782 | D        | Killed a deep elf archer
  1783 | D        | Reached skill level 20 in Spellcasting
  1784 | D        | Killed a deep elf knight
  1784 | D        | Noticed an elephant
  1791 | D        | Reached XP level 11. HP: 20/57 MP: 1/37
  1800 | D        | Offered knowledge of Iskenderun's Battlesphere by Vehumet.
  1839 | D        | Reached skill level 21 in Spellcasting
  1846 | D        | Noticed a hell hog
  1848 | D        | Killed a hell hog
  1848 | D        | Noticed a hell hog
  2118 | D        | Killed from afar by a hell hog

Illustrated notes

Levels and vault maps discovered:
D:        pitsprint [storerooms_1, entrance_room_1, metal_vault_8, armoury_3,
          mini_pit_1, grid_room_1, main_hall_1, silver_pit, the_coven_3,
          the_vestibule_1, steel_vault_5, golden_pit, hallway_of_sentries,
          crystal_vault_3, iron_vault_1, final_vault]

Skill      XL: |  1  2  3  4  5  6  7  8  9 10 11 |
---------------+----------------------------------+-----
Spellcasting   | 4 6 8 9 11 14 15 18 20 21 | 21.4
Earth Magic    | 4 7 9 10 12 14 15 16 18 19 | 19.4
Dodging        | 3 4 5 7 8 |  8.0
Stealth        | 3 4 5 6 |  6.1
Conjurations   | 1 2 3 |  3.8
Armour         | 1 4 |  4.2
Fighting       | 2 |  2.0
Transmutations | |  1.2

Action                   |  1- 3 |  4- 6 |  7- 9 | 10-12 || total
-------------------------+-------+-------+-------+-------++-------
 Cast: Sandblast         |     7 |     2 |       |       ||     9
       Stone Arrow       |       |    10 |     1 |     5 ||    16
       Lee's Rapid Decon |       |     6 |    21 |    35 ||    62
       Petrify           |       |       |       |     1 ||     1
  Use: Potion            |       |       |       |     7 ||     7
       Scroll            |       |       |       |     1 ||     1
Armor: Acid dragon scale |       |       |       |    45 ||    45
Dodge: Dodged            |       |     3 |       |    47 ||    50

Table legend: (Time is in decaauts)
 A = Elapsed time spent in this place.
 B = Non-inter-level travel time spent in this place.
 C = Inter-level travel time spent in this place.
 D = Time resting spent in this place.
 E = Time spent auto-exploring this place.
 F = Levels seen in this place.
 G = Mean time per level.
                   A        B        C        D        E       F      G
               +--------+--------+--------+--------+--------+-----+--------+
         Total |   2118 |   2118 |      0 |   1551 |     74 |   1 | 2118.0 |
       Dungeon |   2118 |   2118 |      0 |   1551 |     74 |   1 | 2118.0 |
               +--------+--------+--------+--------+--------+-----+--------+

Top non-repeatable levels by time:
       D: 2118 daAuts
